woodfighter, chaotic female elven Rogue ---------- -------- ------------- |........| ---......--- #@...........| ##..)......| #....----...| '|f...........######%#|........| ###|...| |...| |...........| ####------.--- # |...| |..<| |...........| # ### |...----...| -----------.- # # ---......--- # #### -.------ # ## # # # ### # ## --------.-- |..(......| |......*..| ----------- woodfighter the Rogue Experience level: 6 Strength: 17 Dexterity: 19 Constitution: 14 Intelligence: 8 Wisdom: 10 Charisma: 8 Health: 0(36) Energy: 31(31) Def: 4 Gold: 0 Moves: 3963 Dungeon seed: -qM18DFbWoptciu9 Game ID: woodfighter_1511359358 Your Inventory: Weapons a - a +0 elven short sword (weapon in hand) b - 8 +0 elven daggers (in quiver) E - a +1 elven dagger Armor e - an uncursed +1 leather armor (being worn) n - an uncursed +0 orcish helm (being worn) r - an uncursed +0 dwarvish cloak z - a cursed -2 pair of levitation boots Comestibles G - an uncursed tripe ration H - an uncursed sprig of wolfsbane Scrolls L - an uncursed scroll of light Wands c - a blessed wand of enlightenment (0:14) h - a wand of opening (0:3) q - a wand of enlightenment (0:10) Tools g - an uncursed blindfold s - an uncursed sack y - an uncursed lock pick N - a blessed oil lamp (0:1248) Contents of the sack: 773 gold pieces 2 [uncursed] scrolls of blank paper a cursed scroll of create monster a [uncursed] scroll of create monster an uncursed scroll of enchant weapon a [blessed] scroll of gold detection 2 uncursed scrolls of identify a cursed scroll of identify a [uncursed] scroll of light 2 uncursed scrolls of scare monster a [blessed] scroll of taming a [cursed] potion of blindness a cursed potion of extra healing a [uncursed] potion of fruit juice 2 uncursed potions of gain level a [blessed] potion of hallucination 2 [uncursed] potions of hallucination a [cursed] potion of healing 2 [uncursed] potions of levitation an uncursed potion of restore ability an uncursed potion of sickness an uncursed potion of sleeping an uncursed tallow candle [0:200] Spells and supernatural/magical abilities: Name Level Category Fail Memory W - pray for help -- divine ? -- Your skills at the end: Miscellaneous Skills wands [Basic] Weapon Skills dagger [Basic] short sword [Basic] Spellcasting Skills Final Attributes: You were piously aligned. You were sleep resistant. You were poison resistant. Your writing hand was ok. You had infravision. You were stealthy. You were held by a rope golem. You are dead. Vanquished creatures: a large cat 2 housecats a blue jelly a bugbear a rock piercer a fog cloud a violet fungus a gnome lord a kobold mummy a red naga hatchling a golden naga hatchling a paper golem 2 giant ants 5 floating eyes a kobold lord 2 iguanas 2 rothes a centipede 3 jitterbugs a werejackal 2 killer bees 3 coyotes 2 hobbits an acid blob a large kobold 5 geckos 2 hobgoblins 3 giant rats 2 cave spiders a yellow mold a green mold a red mold 4 gnomes a gnome zombie 3 jackals a kobold 2 newts a goblin a sewer rat 11 grid bugs a bat 4 lichens 2 kobold zombies 85 creatures vanquished. Voluntary challenges: You did not adorn yourself with jewelry or accessories. You did not cause conflict. You were not invisible. You did not have reflection. You were not displaced. You used a wielded weapon 98 times, starting on turn 31. You did not apply a unicorn horn. You did not use plumbed fixtures. You did not drink any magical draughts. You read items or engraved 1 time, starting on turn 1390. You never genocided any monsters. You never polymorphed an object. You never changed form. You used no wishes. You never split a pudding. You never wrote Elbereth's name. You never violated your personal moral code. Dungeon overview: The Dungeons of Doom: levels 1 to 9 Level 1 a fountain a long staircase Level 2 Level 3 a potion shop, a fountain stairs to The Gnomish Mines Level 4 an armor shop, some fountains Level 5 an altar to Issek, a fountain Level 6 (vault, thronw unicorn) a fountain, a throne Level 7 (vault) Level 8 many fountains Level 9 <- You were here The Gnomish Mines: Level 4 stairs to The Dungeons of Doom History has recorded: On T:1 you entered the Dungeons of Doom to retrieve the Amulet of Yendor! On T:238 you reached level 2 of The Dungeons of Doom. On T:532 you reached level 3 of The Dungeons of Doom. On T:582 you advanced to experience level 2. On T:901 you reached level 1 of The Gnomish Mines. On T:967 you reached level 4 of The Dungeons of Doom. On T:1136 you advanced to experience level 3. On T:1526 you prayed to Kos. On T:1563 you advanced to experience level 4. On T:1655 you reached level 5 of The Dungeons of Doom. On T:2037 you reached level 6 of The Dungeons of Doom. On T:2056 you advanced to experience level 5. On T:2437 you reached level 7 of The Dungeons of Doom. On T:2668 you advanced to experience level 6. On T:3037 you reached level 8 of The Dungeons of Doom. On T:3163 you prayed to Kos. On T:3312 you reached level 9 of The Dungeons of Doom. On T:3563 you prayed to Kos. Score breakdown: Gold: 773 ( 77 points) Experience: 6 levels ( 500 points) Exploration: 9 levels ( 240 points) Discoveries: 24 items ( 1200 points) Variety of kills: 43 monsters ( 2000 points) Major goal: (nothing yet) ( 0 points) Survival: died (score multiplied by 3) Total score: 12051 Latest messages: b - 4 +0 elven daggers (in quiver). You see here a flail. You stop exploring. You throw 2 elven daggers. The 1st elven dagger hits the gnome zombie! You destroy the gnome zombie! You displace kitty. b - a +0 elven dagger (in quiver). You see here a gnome corpse. b - a +0 elven dagger (in quiver). You see here 6 rocks. You see here a tinning kit. You displace kitty. You stop exploring. You stop searching. A rope golem blocks your way. The rope golem claws you! (2x) The rope golem grabs you! You cannot escape from the rope golem! The rope golem claws you! (2x) You are being choked. The elven dagger hits the rope golem. The rope golem claws you! (2x) You are being choked. You die... Final status: Goodbye woodfighter the Rogue, killed by a rope golem... You died in The Dungeons of Doom on dungeon level 9 with 12051 points, and 773 pieces of gold, after 3963 moves. You were level 6 with a maximum of 36 hit points when you died.